 Seeded DCSS version 0.31-a0-229-g1fc7ce93e2 (webtiles) character file.

Game seed: 13275427502194390118 (custom seed)

3929 rocky1 the Geomancer (level 10, -5/50 HPs)
             Began as a Deep Elf Earth Elementalist on July 7, 2023.
             Was a Follower of Vehumet.
             Slain by a wolf (10 damage)
             ... on level 8 of the Dungeon.
             The game lasted 00:25:19 (10230 turns).

rocky1 the Geomancer (Deep Elf Earth Elementalist) Turns: 10230, Time: 00:25:19

Health: -5/50      AC:  4    Str:  8    XL:     10   Next: 1%
Magic:  0/24       EV: 14    Int: 34    God:    Vehumet [*.....]
Gold:   453        SH:  0    Dex: 21    Spells: 7/25 levels left

rFire   + + .        r - +6 short sword of Fatigue {flame, rF+ Int+3}
rCold   + . .        (no shield)
rNeg    . . .        h - +0 robe {rC+ rF+}
rPois   +            k - +1 helmet
rElec   .            (no cloak)
rCorr   .            (no gloves)
SInv    .            (no boots)
Will    +....        F - amulet of the acrobat
Stlth   +++          z - ring of Uvvafopo {Contam rPois Str+3 Int+6 Dex+6}
HPRegen 0.28/turn    d - ring of wizardry
MPRegen 0.19/turn

%: acrobat, wizardry (x1)
@: about to teleport
A: no striking features
a: Renounce Religion


You were on level 8 of the Dungeon.
You worshipped Vehumet.
Vehumet was aware of your devotion.
You visited 3 branches of the dungeon, and saw 10 of its levels.
You also visited: Sewer.

You collected 618 gold pieces.
You spent 165 gold pieces at shops.

Inventory:

Hand Weapons
 c - a +1 short sword of speed
 r - the +6 short sword of Fatigue (weapon) {flame, rF+ Int+3}
   (You found it on level 5 of the Dungeon)

   Int:       It affects your intelligence (+3).
   rF:        It protects you from fire.
 w - a +0 short sword
 C - a +0 trident
Missiles
 g - 29 poisoned darts
 y - 3 curare-tipped darts
Armour
 h - a +0 robe of resistance (worn)
 k - a +1 helmet (worn)
 K - +0 steam dragon scales
Jewellery
 d - a ring of wizardry (right hand)
 z - the ring of Uvvafopo (left hand) {Contam rPois Str+3 Int+6 Dex+6}
   (You took it off a goblin on level 4 of the Dungeon)

   [ring of dexterity]

   Str:       It affects your strength (+3).
   Int:       It affects your intelligence (+6).
   Dex:       It affects your dexterity (+6).
   rPois:     It protects you from poison.
   Contam:    It causes magical contamination when unequipped.
 D - a ring of see invisible
 F - an amulet of the acrobat (around neck)
 L - an amulet of regeneration
Wands
 i - a wand of charming (5)
Scrolls
 b - a scroll of enchant armour
 e - 2 scrolls of silence {unknown}
 f - a scroll of summoning {unknown}
 j - 2 scrolls of fog
 s - a scroll of immolation {unknown}
 u - 3 scrolls of teleportation
 A - a scroll of brand weapon {unknown}
 B - 2 scrolls of poison
 G - a scroll of torment {unknown}
 J - a scroll of acquirement {unknown}
Potions
 a - a potion of degeneration {unknown}
 m - 5 potions of curing {unknown}
 n - 3 potions of resistance {unknown}
 o - 3 potions of enlightenment {unknown}
 p - 6 potions of mutation
 q - a potion of berserk rage {unknown}
 t - 2 potions of brilliance
 v - 2 potions of might
 x - a potion of experience {unknown}
 E - a potion of ambrosia {unknown}
 H - a potion of attraction {unknown}
 I - a potion of invisibility {unknown}
 M - a potion of haste {unknown}


   Skills:
 - Level 0.1 Fighting
 - Level 3.3 Dodging
 - Level 3.0 Stealth
 - Level 8.0 Spellcasting
 * Level 8.1 Conjurations
 + Level 5.1 Transmutations
 - Level 3.3 Ice Magic
 * Level 10.0 Earth Magic
 + Level 2.3 Poison Magic


You had 7 spell levels left.
You knew the following spells:

 Your Spells              Type           Power      Damage    Failure   Level
a - Ozocubu's Armour      Ice            36%        N/A       1%          3
b - Passwall              Tmut/Erth      50%        N/A       1%          2
c - Stone Arrow           Conj/Erth      100%       3d13      1%          3
d - Sandblast             Erth           100%       2d20      1%          1
e - Lee's Rapid Deconstr  Erth           35%        3d18*     1%          5
f - Olgreb's Toxic Radia  Pois           29%        N/A       5%          4

Your spell library contained the following spells:

 Spells                   Type           Power      Damage    Failure   Level
 Freeze                   Ice            100%       1d10      1%          1
 Sting                    Tmut/Pois      100%       1d8       1%          1
 Cigotuvi's Dreadful Rot  Necr/Pois/Air  36%        N/A       1%          2
 Poisonous Vapours        Pois/Air       42%        N/A       1%          2
 Ignite Poison            Fire/Tmut/Pois 30%        N/A       1%          3
 Leda's Liquefaction      Hex/Erth       23%        N/A       1%          4
 Petrify                  Tmut/Erth      60%        N/A       1%          4
 Leda's Unmaking          Conj/Erth      33%        9d6       4%          6
 Freezing Cloud           Conj/Ice/Air   19%        6-21      8%          5
 Statue Form              Tmut/Erth      40%        N/A       9%          6
 Metabolic Englaciation   Hex/Ice        12%        N/A       17%         5
 Simulacrum               Ice/Necr       12%        N/A       65%         6
 Ozocubu's Refrigeration  Ice            18%        4d11      93%         7
 Polar Vortex             Ice            18%        12d2*     100%        9


Dungeon Overview and Level Annotations

Branches:
Dungeon (8/15)             Temple (1/1) D:4            Lair (1/5) D:8
  Sewer (visited)

Altars:
Ashenzari
Cheibriados
Dithmenos
Elyvilon
Fedhas
Gozag
Hepliaklqana
Kikubaaqudgha
Makhleb
Nemelex Xobeh
Okawaru
Qazlal
Ru
Sif Muna
Uskayaw
Vehumet
Wu Jian
Xom
Yredelemnul
Zin
The Shining One

Shops:
D:1 :==[   D:5 =


Message History

The wolf attacks as you move away! The wolf completely misses you.
The wolf barely misses you. The wolf completely misses you.
The wolf completely misses you. The wolf completely misses you. x2
The wolf attacks as you move away! The wolf bites you!
The wolf completely misses you. x2; The wolf closely misses you.
There is a staircase back to the Dungeon here.
The wolf bites you. The wolf bites you!
* * * LOW HITPOINT WARNING * * *
The wolf howls!
You climb upwards.
Welcome back to the Dungeon!
There is a staircase to the Lair here.
Unknown command.
You feel much better. The wolf closely misses you. The wolf bites you!
The wolf barely misses you. The wolf closely misses you.
Unknown command.
As you read the scroll of teleportation, it crumbles to dust.
You feel strangely unstable. The wolf bites you!
* * * LOW HITPOINT WARNING * * *
The wolf closely misses you. The wolf barely misses you. x2
Unknown command.
Aiming: Stone Arrow (safe; 1% risk of failure)
Press: ? - help, Q - select action, (/) - cycle Shift-Dir - straight line, f - wolf
Aim: a wolf (63% to hit)
The stone arrow hits the wolf!
The wolf is severely wounded.
The wolf closely misses you. The wolf barely misses you.
Casting: Stone Arrow (safe; 1% risk of failure)
Confirm with . or Enter, or press ? or * to list all spells.
Aiming: Sandblast (safe; 1% risk of failure)
Press: ? - help, Shift-Dir - straight line, f/p - wolf
Aim: a wolf (severely wounded, 76% to hit)
The blast of sand misses the wolf.
The blast of sand hits the wolf but does no damage.
The wolf bites you!
* * * LOW HITPOINT WARNING * * *
The wolf bites you.
* * * LOW HITPOINT WARNING * * *
The wolf bites you!
You die...

##.................
#..............#.##
###.##..........#..#
#.#...............##
####.#............##.#.
######......................
#.........#.##..............
#.#######.####.....##.......
#.#.....#.#@hh......#.......
#.#.....#.##h...#...........
#.#.._..'.###.#.#...........
##.#.....#..#..#####...>.....
#.:#.....#.....## #.........
#..#######......# #.........
#..............## ###...##..
#........####.## #.......
########## ### #..#####


You could see 3 wolves.

Vanquished Creatures
  A wyvern (D:7)
  A steam dragon (D:7)
  3 yaks (Lair:1)
  Duvessa (D:4)
  2 water moccasins (D:8)
  2 orc warriors
  An ice beast (D:6)
  2 black bears
  2 ogres
  A centaur (D:7)
  A phantom (D:7)
  5 kobold brigands
  5 bullfrogs
  A gnoll sergeant (D:7)
  2 scorpions
  Dowan (D:4)
  4 killer bees (D:8)
  A crimson imp (D:7)
  4 hounds
  4 orc priests
  A jelly (D:6)
  3 sleepcaps
  Jessica (D:2)
  5 iguanas
  5 orc wizards
  Natasha (thrice) (D:2)
  11 gnolls
  A river rat (D:4)
  6 adders
  A shadow imp (D:7)
  4 white imps
  An ufetubus (D:6)
  4 worms
  A dart slug (D:2)
  16 orcs
  11 bats
  6 endoplasms
  4 giant cockroaches
  6 goblins
  2 hobgoblins
  2 jackals (D:2)
  36 kobolds
  4 quokkas
  4 ball pythons
  2 frilled lizards
  8 rats
192 creatures vanquished.

Notes
Turn   | Place    | Note
-------+----------+-------------------------------------------
     0 | D:1      | rocky1 the Deep Elf Earth Elementalist began the quest for
                  | the Orb.
     0 | D:1      | Reached XP level 1. HP: 10/10 MP: 6/6
    10 | D:1      | Found Onlezats's Jewellery Emporium.
   223 | D:1      | Found Saufiugh's Armour Emporium.
   249 | D:1      | Reached XP level 2. HP: 15/15 MP: 6/8
   425 | D:1      | Found Zyuqykanwy's Book Shop.
   548 | D:1      | Found Obocek's Jewellery Boutique.
   666 | D:2      | Reached skill level 4 in Earth Magic
   850 | D:2      | Noticed Jessica
   855 | D:2      | Killed Jessica
   856 | D:2      | Reached XP level 3. HP: 14/19 MP: 5/10
  1054 | D:2      | Noticed Natasha
  1056 | D:2      | Killed Natasha
  1057 | D:2      | Reached XP level 4. HP: 24/24 MP: 9/12
  1061 | D:2      | Learned a level 2 spell: Passwall
  1065 | D:2      | Learned a level 3 spell: Stone Arrow
  1069 | D:2      | Learned a level 3 spell: Ozocubu's Armour
  1156 | D:2      | Noticed Natasha
  1159 | D:2      | Killed Natasha
  1217 | D:2      | Found a faded altar of an unknown god.
  1331 | D:2      | Found a glowing golden altar of the Shining One.
  1343 | D:2      | Reached skill level 5 in Earth Magic
  1413 | D:2      | Noticed Natasha
  1416 | D:2      | Killed Natasha
  1417 | D:2      | Reached skill level 5 in Spellcasting
  1417 | D:2      | Reached XP level 5. HP: 18/28 MP: 11/14
  1675 | D:3      | Found a sparkling altar of Nemelex Xobeh.
  1783 | D:3      | Reached skill level 1 in Ice Magic
  2263 | D:4      | Noticed Duvessa
  2563 | D:4      | Reached XP level 6. HP: 31/32 MP: 13/16
  2730 | D:4      | Reached skill level 1 in Conjurations
  2830 | D:4      | Found a glowing drain.
  2838 | Sewer    | Entered a sewer
  3596 | D:4      | Identified the ring of Uvvafopo {Contam rPois Str+3 Int+6
                  | Dex+6}
  3610 | D:4      | Found a blossoming altar of Fedhas.
  3649 | D:4      | Found a staircase to the Ecumenical Temple.
  3661 | Temple   | Entered the Ecumenical Temple
  4053 | D:4      | Learned a level 5 spell: Lee's Rapid Deconstruction
  4177 | D:4      | Reached XP level 7. HP: 36/36 MP: 11/18
  4277 | D:4      | Noticed Dowan
  4284 | D:4      | Killed Duvessa
  4285 | D:4      | Reached skill level 6 in Earth Magic
  4290 | D:4      | Killed Dowan
  4957 | D:5      | Entered Level 5 of the Dungeon
  5092 | D:5      | Found a burning altar of Makhleb.
  5111 | D:5      | Identified the +3 flail of Experimentation {pain, Int+3}
  5449 | D:5      | Found a hazy altar of Hepliaklqana.
  5453 | D:5      | Reached XP level 8. HP: 41/41 MP: 18/21
  5632 | D:5      | Identified the +6 short sword of Fatigue {flame, rF+ Int+3}
  5640 | D:5      | Learned a level 4 spell: Olgreb's Toxic Radiance
  5749 | D:5      | Found Kak Ufono's Jewellery Shop.
  5757 | D:5      | Bought a ring of see invisible for 165 gold pieces
  6047 | D:6      | Reached skill level 7 in Earth Magic
  6559 | D:6      | Found an iron altar of Okawaru.
  7011 | D:6      | Reached skill level 5 in Conjurations
  7144 | D:6      | Reached skill level 8 in Earth Magic
  7423 | D:6      | Found a radiant altar of Vehumet.
  7707 | D:6      | Became a worshipper of Vehumet
  7791 | D:7      | Reached XP level 9. HP: 45/45 MP: 17/23
  8405 | D:7      | Found a shadowy altar of Dithmenos.
  8580 | D:7      | Reached skill level 9 in Earth Magic
  8670 | D:7      | Found a sacrificial altar of Ru.
  9335 | D:8      | Reached * piety under Vehumet
  9335 | D:8      | Offered knowledge of Freeze by Vehumet.
  9405 | D:8      | Identified the +1 ring mail of the Frog {MP+9 Dex+3}
  9406 | D:8      | Reached skill level 1 in Poison Magic
 10022 | D:8      | Found a staircase to the Lair.
 10030 | D:8      | Found an opulent altar of Gozag.
 10164 | Lair:1   | Entered Level 1 of the Lair of Beasts
 10167 | Lair:1   | Reached skill level 5 in Transmutations
 10197 | Lair:1   | Noticed a cane toad
 10199 | Lair:1   | Reached skill level 10 in Earth Magic
 10202 | Lair:1   | Reached XP level 10. HP: 50/50 MP: 5/24
 10230 | D:8      | Slain by a wolf

Illustrated notes

Levels and vault maps discovered:
D:1:      erik_arrival_blinker_ship, layout_loops_ring, serial_shops, shop,
          shop, shop, nicolae_shop_rolling_square
D:2:      layout_rooms, ebering_ecumenical_altar_hall, basic_altar,
          uniq_natasha, uniq_jessica
D:3:      layout_loops_ring, mainiacjoe_overflow_cross_hatched
D:4:      layout_basic, fedhas_altar_2, minmay_temple_entry_ruins,
          cheibrodos_sewer_entry_sluice, grunt_ministairs_12, uniq_duvessa
D:5:      layout_gridville, mainiacjoe_overflow_catch_the_wave, serial_shops,
          shop, grunt_ministairs_4, minmay_fractal_squares_gapless_5
D:6:      layout_basic, okawaru_ov_weapons_minmay, marbit_many_paths,
          chequers_serial_rivers_small_3
D:7:      layout_cave_pools, lemuel_crystal_altar, lemuel_doored_altar,
          minmay_fire_ice_demons
D:8:      layout_cave_pools, amcnicky_altar_gilded, lair_entry_dummy
Temple:   chequers_temple_sunken
Lair:1:   layout_chaotic_city, ebering_ghost_disaster_area, fungi_pond_lemuel,
          serial_bayou_shore_a

Skill      XL: |  1  2  3  4  5  6  7  8  9 |
---------------+----------------------------+-----
Earth Magic    | 4 5 6 8 10 | 10.0
Spellcasting   | 4 5 6 7 8 |  8.0
Ice Magic      | 2 3 |  3.3
Conjurations   | 2 3 5 8 |  8.1
Dodging        | 3 |  3.3
Stealth        | 3 |  3.0
Transmutations | 3 5 |  5.1
Poison Magic   | 2 |  2.3
Fighting       | |  0.1

Action                     |  1- 3 |  4- 6 |  7- 9 | 10-12 || total
---------------------------+-------+-------+-------+-------++-------
  Melee: Unarmed           |       |    13 |       |       ||    13
         Punch             |       |     1 |       |       ||     1
         Short sword       |       |       |     2 |       ||     2
   Cast: Sandblast         |    30 |   112 |    47 |     1 ||   190
         Passwall          |       |     2 |       |       ||     2
         Stone Arrow       |       |     2 |   100 |     3 ||   105
         Lee's Rapid Decon |       |       |    11 |       ||    11
         Ozocubu's Armour  |       |       |     2 |       ||     2
    Use: Scroll            |       |     2 |     6 |     3 ||    11
         Potion            |       |       |     3 |     2 ||     5
   Stab: Sleeping          |       |       |     1 |       ||     1
 Armour: Robe              |     1 |    19 |    13 |       ||    33
  Dodge: Dodged            |     5 |    53 |    58 |    20 ||   136

Table legend: (Time is in decaauts)
 A = Elapsed time spent in this place.
 B = Non-inter-level travel time spent in this place.
 C = Inter-level travel time spent in this place.
 D = Time resting spent in this place.
 E = Time spent auto-exploring this place.
 F = Levels seen in this place.
 G = Mean time per level.
                   A        B        C        D        E       F      G
               +--------+--------+--------+--------+--------+-----+--------+
         Total |  10446 |  10046 |    400 |   2811 |   5208 |  11 |  949.6 |
       Dungeon |   9506 |   9106 |    400 |   2600 |   4989 |   8 | 1188.2 |
        Temple |    248 |    248 |      0 |      0 |    197 |   1 |  248.0 |
          Lair |     61 |     61 |      0 |      0 |     21 |   1 |   61.0 |
         Sewer |    630 |    630 |      0 |    211 |      0 |   1 |  630.0 |
               +--------+--------+--------+--------+--------+-----+--------+

Top non-repeatable levels by time:
     D:6: 1723 daAuts
     D:4: 1662 daAuts
     D:7: 1403 daAuts
     D:3: 1116 daAuts
     D:5: 1087 daAuts
     D:8: 1022 daAuts
     D:2: 826 daAuts
     D:1: 664 daAuts
   Sewer: 630 daAuts
  Temple: 248 daAuts
  Lair:1: 61 daAuts
